 Dungeon Crawl Stone Soup version bcrawl-1.35.2 (console) character file.

Game seed: 13112520453392994538

147320 Susie the Slasher (level 6, -1/46 HPs)
             Began as a Vampire Gladiator on Jan 17, 2022.
             Slain by a hippogriff (10 damage)
             ... on level 5 of the Dungeon.
             The game lasted 00:13:58 (4452 turns).

Susie the Slasher (Vampire Gladiator)               Turns: 4452, Time: 00:13:58

Health: -1/46      AC:  6    Str: 19    XL:     6   Next: 54%
Magic:  6/6        EV: 12    Int:  9    God:
Gold:   301        SH:  2    Dex: 14    Spells: 2/5 levels left

rFire    . . .     SeeInvis +   a - +0 long sword
rCold    + + .     Gourm    .   (no shield)
rNeg     + + .     Faith    .   p - +0 ring mail (curse)
rPois    ∞         Spirit   .   c - +0 helmet
rElec    .         Reflect  .   (no cloak)
rCorr    .                      (no gloves)
MR       .....                  (no boots)
Stlth    +++++.....             (no amulet)
HPRegen  0.07/turn              m - ring of protection from cold
MPRegen  0.10/turn              t - ring "Madaett" {+Fly Stlth+}

@: regenerating slowly
A: claws 1, fangs 3, see invisible, unbreathing
a: Evoke Flight


You were on level 5 of the Dungeon.
You were very thirsty.

You visited 1 branch of the dungeon, and saw 5 of its levels.

You collected 301 gold pieces.

Inventory:

Hand Weapons
 a - a +0 long sword (weapon)
Missiles
 d - 3 throwing nets {=f}
Armour
 b - a +0 leather armour
 c - a +0 helmet (worn)
 j - a +0 medium shield
 p - a cursed +0 ring mail (worn)
Jewellery
 i - a +4 ring of intelligence
 m - a ring of protection from cold (left claw)
 t - the ring "Madaett" (right claw) {+Fly Stlth+}
   (You found it on level 4 of the Dungeon)

   [ring of flight]

   It lets you fly.
   It makes you more stealthy.
Scrolls
 f - 3 scrolls of amnesia
 g - a scroll of noise
 h - a scroll of teleportation {unknown}
 k - a scroll of enchant armour {unknown}
 l - a scroll of blinking {unknown}
 r - a scroll of enchant weapon {unknown}
 s - a scroll of remove curse {unknown}
Potions
 e - 2 potions of might
 n - a potion of brilliance
 q - 7 potions of blood
 u - a potion of ambrosia {unknown}


   Skills:
 - Level 2.6 Fighting
 + Level 7.8 Long Blades
 - Level 1.5 Throwing
 - Level 3.2 Dodging
 + Level 5.5 Stealth
 + Level 0.0 Necromancy


You had 2 spell levels left.
You knew the following spells:

 Your Spells              Type           Power        Failure   Level  Hunger
a - Vampiric Draining     Necr           #.........   91%         3    #####..

Your spell library contained the following spells:

 Spells                   Type           Power        Failure   Level  Hunger
 Animate Skeleton         Necr           N/A          56%         1    None
 Pain                     Necr           #.....       56%         1    None
 Agony                    Necr           #.......     100%        4    ######.
 Animate Dead             Necr           N/A          100%        4    ######.
 Dispel Undead            Necr           #.......     100%        5    #######


Dungeon Overview and Level Annotations

Branches:
Dungeon (5/12)
 Temple: D:4-7

Altars:
Cheibriados
Elyvilon
Hepliaklqana
Nemelex Xobeh

Shops:
D:4 [


Innate Abilities, Weirdness & Mutations

You heal slowly.
You are immune to poison.
You have sharp fingernails.
You have razor-sharp teeth.
You have supernaturally acute eyesight. (SInv)
You can survive without breathing.


Message History

The hippogriff bites you but does no damage.
The hippogriff barely misses you. The hippogriff claws you.
You feel devoid of blood!
You hit the hippogriff. You bite the hippogriff.
You draw the hippogriff's blood!
You feel better.
You feel almost devoid of blood!
The hippogriff is heavily wounded.
The hippogriff closely misses you. The hippogriff pecks you.
The hippogriff claws you.
You are too injured to fight recklessly!
You are too injured to fight recklessly!
You hit the hippogriff.
The hippogriff is heavily wounded.
The hippogriff bites you but does no damage.
The hippogriff pecks you. The hippogriff claws you.
You feel better. The hippogriff bites you. The hippogriff pecks you.
The hippogriff claws you.
* * * LOW HITPOINT WARNING * * *
Yummy - fresh blood!
You are feeling very thirsty.
The hippogriff bites you!
You die...

......#
#.....#
#.....#
#.....#
#.....#
###.....#
#.....H.+
#..@..####
#.<........
#.#########
#. #. .. #.
.. ..


You could see a hippogriff.

Vanquished Creatures
  An ice beast (D:4)
  4 crimson imps
  A worker ant (D:4)
  4 adders
  3 worms
  4 dart slugs (D:1)
  5 leopard geckos
  7 orcs
  5 bats
  3 giant cockroaches
  10 hobgoblins
  7 jackals
  7 quokkas
  A ball python (D:2)
  5 frilled lizards
  6 goblins
  8 kobolds
  3 rats
84 creatures vanquished.

Notes
Turn   | Place    | Note
-------+----------+-------------------------------------------
     0 | D:1      | Susie the Vampire Gladiator began the quest for the Orb.
     0 | D:1      | Reached XP level 1. HP: 17/17 MP: 1/1
    47 | D:1      | Reached skill level 4 in Long Blades
    63 | D:1      | Reached XP level 2. HP: 23/23 MP: 2/2
   204 | D:1      | Reached skill level 5 in Long Blades
   235 | D:1      | Reached XP level 3. HP: 28/28 MP: 3/3
  1012 | D:2      | Reached skill level 6 in Long Blades
  1012 | D:2      | Reached XP level 4. HP: 15/34 MP: 4/4
  1258 | D:2      | Found a snail-covered altar of Cheibriados.
  1629 | D:2      | Reached skill level 1 in Stealth
  2309 | D:3      | Found a hazy altar of Hepliaklqana.
  2640 | D:3      | Reached XP level 5. HP: 33/39 MP: 5/5
  3185 | D:4      | Found a white marble altar of Elyvilon.
  3219 | D:4      | Reached skill level 7 in Long Blades
  3463 | D:4      | Reached XP level 6. HP: 41/46 MP: 6/6
  3518 | D:4      | Noticed an ice beast
  3521 | D:4      | Found a sparkling altar of Nemelex Xobeh.
  3540 | D:4      | Killed an ice beast
  3541 | D:4      | Reached skill level 5 in Stealth
  4128 | D:4      | Got a wavering platinum ring
  4130 | D:4      | Identified the ring "Madaett" {+Fly Stlth+} (You found it
                  | on level 4 of the Dungeon)
  4299 | D:4      | Found Vigit's Armour Shop.
  4387 | D:4      | Learned a level 3 spell: Vampiric Draining
  4442 | D:5      | Entered Level 5 of the Dungeon
  4442 | D:5      | Noticed a hippogriff
  4452 | D:5      | Slain by a hippogriff

Skill      XL: |  1  2  3  4  5  6 |
---------------+-------------------+-----
Long Blades    | 4 5 6 7 |  7.8
Stealth        | 2 4 5 |  5.5
Fighting       | |  2.6
Throwing       | |  1.5
Dodging        | |  3.2

Action                   |  1- 3 |  4- 6 || total
-------------------------+-------+-------++-------
Melee: Long sword        |   106 |   177 ||   283
       Bite              |     7 |    17 ||    24
  Use: Scroll            |     1 |     5 ||     6
       Potion            |     1 |     3 ||     4
 Stab: Sleeping          |     4 |    13 ||    17
Armor: Leather armour    |    21 |    15 ||    36
       Ring mail         |       |    41 ||    41
Dodge: Dodged            |    52 |   113 ||   165
Block: Other             |     4 |    18 ||    22
